Map: Cactus Valley LE (Void)

Players

Fropez

  • Race: Protoss Protoss
  • League: Gold
  • Spawn Location: 1:00

Reno - Winner!

  • Race: Terran Terran
  • League: Gold
  • Spawn Location: 11:00

VOD

Have the link to the VOD?

Description

Time

  • Played on: Jan. 24, 2017, 2:27 p.m.
  • Length: 6:35
Show
View Real Time Build Order
Export as new Build Order

Fropez Protoss 

Build Orders: 1 Gate Expand 

Get SALT Encoding   

  12  0:01  Probe (Chrono Boost)  
  13  0:11  Probe (Chrono Boost)  
  14  0:18  Pylon  
  14  0:25  Probe (Chrono Boost)  
  15  0:32  Assimilator  
  15  0:36  Probe (Chrono Boost)  
  16  0:44  Gateway  
  16  0:49  Probe (Chrono Boost)  
  17  0:59  Probe (Chrono Boost)  
  18  1:10  Probe (Chrono Boost)  
  19  1:24  Nexus  
  19  1:28  Probe (Chrono Boost)  
  20  1:39  Cybernetics Core  
  20  1:44  Probe (Chrono Boost)  
  21  1:52  Pylon  
  21  1:55  Probe (Chrono Boost)  
  23  2:08  Gateway  
  22  2:16  Assimilator  
  22  2:20  Stalker  
  22  2:29  Warp Gate  
  24  2:39  Pylon, Probe (Chrono Boost)  
  24  2:43  Probe (Chrono Boost)  
  26  2:52  Probe (Chrono Boost)  
  27  2:59  Probe (Chrono Boost)  
  27  3:04  Pylon, Probe (Chrono Boost)  
  28  3:08  Adept  
  32  3:13  Mothership Core (Chrono Boost)  
  32  3:16  Adept  
  34  3:20  Assimilator  
  35  3:27  Probe (Chrono Boost)  
  36  3:35  Probe (Chrono Boost)  
  36  3:45  Adept, Pylon, Probe (Chrono Boost)  
  36  3:47  Probe (Chrono Boost)  
  38  3:49  Adept  
  42  4:05  Probe x2 (Chrono Boost)  
  44  4:15  Twilight Council  
  46  4:17  Probe x2 (Chrono Boost)  
  46  4:19  Pylon  
  46  4:21  Gateway  
  46  4:28  Pylon  
  46  4:29  Probe (Chrono Boost)  
  43  4:34  Probe (Chrono Boost)  
  44  4:41  Probe (Chrono Boost)  
  46  4:47  Probe (Chrono Boost)  
  46  4:50  Pylon  
  47  4:53  Probe (Chrono Boost)  
  47  4:57  Forge  
  47  4:59  Probe (Chrono Boost), Stalker  
  51  5:07  Probe (Chrono Boost)  
  51  5:10  Pylon  
  51  5:11  Pylon  
  51  5:14  Stalker  
  53  5:31  Photon Cannon  
  48  5:35  Stalker x2  
  49  5:55  Photon Cannon  
  49  6:00  Photon Cannon  
  49  6:02  Photon Cannon  
  49  6:16  Photon Cannon  
  49  6:18  Pylon  
Show
View Real Time Build Order
Export as new Build Order

Reno Terran - Winner!

Build Orders:  

Get SALT Encoding   

  12  0:02  SCV  
  13  0:14  SCV  
  14  0:24  Supply Depot  
  14  0:26  SCV  
  15  0:37  Refinery  
  15  0:46  SCV  
  15  0:47  Barracks  
  16  0:59  SCV  
  17  1:09  Supply Depot  
  17  1:27  SCV  
  17  1:30  Refinery  
  18  1:35  Marine  
  19  1:41  Orbital Command  
  19  2:00  Marine  
  20  2:08  SCV  
  21  2:22  Factory  
  21  2:23  SCV  
  22  2:31  Command Center  
  22  2:32  Marine  
  23  2:53  SCV  
  24  3:08  Starport  
  25  3:12  SCV  
  25  3:14  Starport  
  25  3:15  Widow Mine  
  27  3:24  Marine  
  27  3:47  Starport Tech Lab  
  27  3:52  Orbital Command, Starport Tech Lab  
  27  4:00  Widow Mine  
  29  4:07  Banshee  
  32  4:10  Cloaking Field  
  32  4:11  Banshee  
  32  4:13  Marine  
  35  4:33  Factory Tech Lab  
  35  4:38  Marine  
  35  4:41  Orbital Command  
  35  4:43  Barracks  
  35  4:44  Barracks  
  36  4:55  Bunker  
  36  5:04  Banshee x2  
  42  5:18  Siege Tank  
  45  6:14  Marine  
Tags
 
Add a new tag
Caveats
  • Supply blocks, unpowered buildings, or Contaminate may cause inaccurate times.
  • Supply counts are checked every 10 seconds.